 Dungeon Crawl Stone Soup version 0.28-a0-1114-g8eb0198dcf (webtiles) character file.

Game seed: 3061386344378425636

74930 DrunkBamboolord the Covert (level 15, -2/120 HPs)
             Began as a Gnoll Delver on Dec 7, 2021.
             Was a High Priest of Vehumet.
             Slain by a two-headed ogre (15 damage)
             ... on level 13 of the Dungeon on Dec 11, 2021.
             The game lasted 01:34:44 (30106 turns).

DrunkBamboolord the Covert (Gnoll Delver)          Turns: 30106, Time: 01:34:44

Health: -2/120     AC: 18    Str: 23    XL:     15   Next: 48%
Magic:  9/29       EV: 17    Int: 11    God:    Vehumet [*****.]
Gold:   836        SH: 14    Dex: 14    Spells: 5/34 levels left

rFire   + + +      SeeInvis .   k - +8 trident "Laystr Magarch" {pain, rF+}
rCold   + . .      Faith    .   I - +3 buckler {rF+}
rNeg    + . .      Spirit   .   p - +3 leather armour {rF+}
rPois   +          Reflect  +   o - +1 helmet
rElec   .          Harm     .   K - +2 cloak
rCorr   .          Rampage  .   j - +1 pair of gloves
Will    +++..                   D - +1 pair of boots
Stlth   +++++.....              G - amulet of reflection
HPRegen 0.30/turn               V - ring of willpower
MPRegen 0.21/turn               b - ring "Enos" {rPois rF+ rC+ rN+ Str+6}

@: unable to read
A: fangs 2, strong nose, distributed training, strong-willed 1, poison
resistance, inability to read while threatened
a: Renounce Religion


You were on level 13 of the Dungeon.
You worshipped Vehumet.
Vehumet was extremely pleased with you.
You visited 4 branches of the dungeon, and saw 21 of its levels.
You also visited: Ice Cave.

You collected 1208 gold pieces.
You spent 372 gold pieces at shops.

Inventory:

Hand Weapons
 k - the +8 trident "Laystr Magarch" (weapon) {pain, rF+}
   (You found it on level 5 of the Dungeon)

   In the hands of one skilled in necromantic magic, it inflicts extra damage on
   living creatures.
   rF:        It protects you from fire.
 Y - the +5 scythe "Daogurgh" {freeze, rElec rCorr Int+4}
   (You found it on level 11 of the Dungeon)

   It freezes those it strikes, dealing additional cold damage.
   It can also slow down cold-blooded creatures.
   Int:       It affects your intelligence (+4).
   rElec:     It insulates you from electricity.
   rCorr:     It protects you from acid and corrosion.
 Z - the +5 trident of the Past {protect, Will+}
   (You found it on level 11 of the Dungeon)

   It grants its wielder temporary protection when it strikes (+7 to AC).
   Will:      It increases your willpower.
Missiles
 i - 6 boomerangs of dispersal
 r - 10 atropa-tipped darts
 v - 5 silver javelins (quivered)
 M - 58 poisoned darts
Armour
 j - a +1 pair of gloves (worn)
 o - a +1 helmet (worn)
 p - a +3 leather armour of fire resistance (worn)
 D - a +1 pair of boots (worn)
 I - a +3 buckler of fire resistance (worn)
 K - a +2 cloak (worn)
 Q - a +2 robe of willpower
 T - a +2 leather armour of poison resistance
Magical Staves
 N - a staff of cold
Jewellery
 b - the ring "Enos" (right hand) {rPois rF+ rC+ rN+ Str+6}
   (You acquired it on level 4 of the Dungeon)

   [ring of protection from fire]

   Str:       It affects your strength (+6).
   rF:        It protects you from fire.
   rC:        It protects you from cold.
   rPois:     It protects you from poison.
   rN:        It protects you from negative energy.
 z - a ring of positive energy
 G - an amulet of reflection (around neck)
 O - a ring of poison resistance
 V - a ring of willpower (left hand)
Wands
 d - a wand of charming (4)
 g - a wand of digging (2)
 h - a wand of iceblast (35)
 C - a wand of flame (34)
 E - a wand of paralysis (9)
 F - a wand of polymorph (7)
Scrolls
 a - 5 scrolls of teleportation
 c - 4 scrolls of fog
 e - 4 scrolls of fear
 n - 4 scrolls of immolation
 s - a scroll of silence
 u - a scroll of torment
 w - 5 scrolls of vulnerability
 x - 2 scrolls of amnesia
 y - 8 scrolls of enchant weapon
 B - 4 scrolls of blinking
 P - a scroll of brand weapon
 R - a scroll of identify
 S - a scroll of magic mapping
Potions
 f - a potion of haste
 l - 2 potions of flight
 m - 7 potions of might
 q - 4 potions of curing
 t - 4 potions of heal wounds
 A - a potion of invisibility
 H - a potion of ambrosia
 J - 2 potions of attraction
 L - a potion of resistance
 U - a potion of lignification
 X - a potion of cancellation


   Skills:
 + Level 12.0 Fighting
 + Level 10.1 Short Blades
 + Level 11.1 Long Blades
 + Level 10.1 Axes
 + Level 10.1 Maces & Flails
 + Level 10.1 Polearms
 + Level 10.1 Staves
 + Level 10.1 Slings
 + Level 10.1 Bows
 + Level 10.1 Crossbows
 + Level 10.1 Throwing
 + Level 10.1 Armour
 + Level 11.1 Dodging
 + Level 13.7 Stealth
 + Level 10.1 Shields
 + Level 10.1 Unarmed Combat
 + Level 10.1 Spellcasting
 + Level 8.5 Conjurations
 + Level 8.5 Hexes
 + Level 8.5 Summonings
 + Level 8.5 Necromancy
 + Level 8.5 Translocations
 + Level 8.5 Transmutations
 + Level 8.5 Fire Magic
 + Level 8.5 Ice Magic
 + Level 8.5 Air Magic
 + Level 8.5 Earth Magic
 + Level 8.5 Poison Magic
 + Level 11.0 Invocations
 + Level 10.1 Evocations


You had 5 spell levels left.
You knew the following spells:

 Your Spells              Type           Power      Damage    Failure   Level
a - Iskenderun's Mystic   Conj/Tloc      24%        2d7       1%          4
c - Olgreb's Toxic Radia  Pois           24%        N/A       1%          4
d - Mephitic Cloud        Conj/Pois/Air  24%        N/A       1%          3
e - Flame Wave            Conj/Fire      24%        2d6       1%          4
f - Frozen Ramparts       Ice            48%        1d6       1%          3
g - Ozocubu's Armour      Ice            24%        N/A       1%          3
h - Fulminant Prism       Conj/Hex       12%        3d9       1%          4
i - Summon Ice Beast      Ice/Summ       24%        N/A       4%          4

Your spell library contained the following spells:

 Spells                   Type           Power      Damage    Failure   Level
 Eringya's Noxious Bog    Tmut/Pois      12%        N/A       17%         6
 Freeze                   Ice            96%        1d11      1%          1
 Magic Dart               Conj           96%        1d7       1%          1
 Sandblast                Erth           48%        2d12      1%          1
 Call Imp                 Summ           24%        N/A       1%          2
 Ensorcelled Hibernation  Hex/Ice        48%        N/A       1%          2
 Passwall                 Tmut/Erth      20%        N/A       1%          2
 Stone Arrow              Conj/Erth      48%        3d10      1%          3
 Lee's Rapid Deconstruct  Erth           12%        3d9*      3%          5
 Ice Form                 Ice/Tmut       24%        N/A       4%          4
 Ozocubu's Refrigeration  Ice            12%        4d7       63%         7
 Summon Hydra             Summ           12%        N/A       98%         7


Dungeon Overview and Level Annotations

Branches:
Dungeon (13/15)            Temple (1/1) D:4            Lair (6/6) D:9
 Shoals (0/4) Lair:3       Spider (0/4) Lair:4        Slime (0/5) Lair:5
    Orc (1/2) D:10          IceCv (visited)
 Vaults: D:13-14

Altars:
Ashenzari
Cheibriados
Elyvilon
Fedhas
Gozag
Kikubaaqudgha
Makhleb
Nemelex Xobeh
Okawaru
Qazlal
Sif Muna
Trog
Uskayaw
Vehumet
Xom
Yredelemnul
Zin
The Shining One
Lugonu

Shops:
D:8 [((?

Portals:
Abyss: D:10 Lair:6

Annotations:
D:10 2 transporters, exclusion: 2 doors, Peloso's ghost, novice MiFi
D:12 3 runed translucent doors, Decritt's ghost, journeyman DsAK
Lair:5 3 runed translucent doors, Elesme's ghost, journeyman DDGl; Isinocoe's ghost, journeyman VSEn


Innate Abilities, Weirdness & Mutations

You have extremely sharp teeth.
Your uncanny sense of smell can sniff out nearby items.
Your experience applies equally to all skills.
You are strong-willed. (Will+)
Your system is resistant to poisons. (rPois)
You sometimes lose the ability to read scrolls when taking damage.


Message History

Okay, then.
Casting: Fulminant Prism (mildly dangerous; 1% risk of failure)
Confirm with . or Enter, or press ? or * to list all spells.
A chill wind blows around you.
The two-headed ogre hits you with a +0 giant club!!
* * * LOW HITPOINT WARNING * * *
The two-headed ogre misses you.
The two-headed ogre closely misses your ice beast.
The two-headed ogre barely misses your ice beast.
Your ice beast closely misses the two-headed ogre.
The two-headed ogre hits your ice beast with a +0 giant club!!
Your ice beast dies!
Your ice beast disappears in a puff of smoke!
Casting: Summon Ice Beast (mildly dangerous; 4% risk of failure)
Confirm with . or Enter, or press ? or * to list all spells.
You erupt in a blast of force!
The mystic blast hits the two-headed ogre.
The two-headed ogre is moderately wounded.
The two-headed ogre is knocked back by the mystic blast.
The two-headed ogre slams into the rock wall!
The two-headed ogre is heavily wounded.
The mystic blast hits the two-headed ogre!
The two-headed ogre is severely wounded.
The two-headed ogre is knocked back by the mystic blast.
An ogre comes into view. It is wielding a +0 giant club.
Casting: Iskenderun's Mystic Blast (mildly dangerous; 1% risk of failure)
Confirm with . or Enter, or press ? or * to list all spells.
You begin to radiate toxic energy.
The two-headed ogre is poisoned. x2
The ogre is poisoned.
The two-headed ogre looks even sicker.
The two-headed ogre looks even sicker.
The ogre looks even sicker.
Your toxic aura wanes.
You block the two-headed ogre's attack. x2
The two-headed ogre hits you with a +0 giant club!
* * * LOW HITPOINT WARNING * * *
You block the two-headed ogre's attack.
The two-headed ogre hits you with a +0 giant club!
* * * LOW HITPOINT WARNING * * *
You block the two-headed ogre's attack.
The two-headed ogre hits you with a +0 giant club!
You die...

*,,,*,,**,,* #.."..# #......#
*,,,*,,**,,* #.....# #......#
*,,,*,,**,,* #.....# #......#
*,,,*,,**,,* #.....###......#
************ #).............#
######## #..............#
.##....#######..............#
.##....##.'.)...).O###......#
###.......#)#...@O.# #......#
#....##.+.#......# #......#
#....######......# #..)...#
###### #......# #O.....#
**###### ####......# #......#
#..##..###.##......# #).....#
#..##....).........# #......#
...##..............###......#
...##.......#...............#


You could see 2 two-headed ogres.

Vanquished Creatures
  A reaper (IceCv)
  The ghost of Weskac the Protected, a journeyman DsVM of Ashenzari (Lair:4)
  A hydra (D:9)
  An ogre mage (D:13)
  11 two-headed ogres
  4 death yaks (Lair:6)
  3 centaur warriors (D:13)
  2 tengu warriors (D:12)
  3 thrashing horrors (Lair:6)
  A deep elf archer (D:12)
  An orc knight (D:10)
  5 deep elf pyromancers
  A shining eye (shapeshifter) (Lair:6)
  3 ugly things
  5 cyclopes
  18 elephants
  5 black mambas
  2 ice statues (IceCv)
  2 smoke demons (Lair:6)
  10 cane toads
  A gargoyle (D:7)
  A torpor snail (Lair:4)
  Maggie (Lair:2)
  10 kobold demonologists
  9 komodo dragons
  A rime drake (Lair:1)
  3 entropy weaver simulacra (IceCv)
  A tengu conjurer (D:12)
  An ancient zyme (Lair:6)
  5 anaconda simulacra (IceCv)
  9 ice devils
  4 trolls
  2 polar bears
  A merfolk (Lair:3)
  7 dream sheep (Lair:6)
  20 blink frogs
  A dire elephant simulacrum (IceCv)
  2 redbacks (Lair:4)
  A spriggan (Lair:6)
  2 shadows
  3 wraiths
  2 ynoxinuls (Lair:6)
  A vampire (D:10)
  7 basilisks
  4 wyverns
  2 chaos spawn
  45 yaks
  12 small abominations (Lair:6)
  A death yak simulacrum (IceCv)
  4 vampire mosquitoes (D:12)
  4 steam dragons
  12 wargs
  A harpy simulacrum (IceCv)
  A hell hound (D:12)
  16 water moccasins
  13 orc warriors
  A sky beast (D:7)
  3 ice beasts
  5 black bears
  13 wolves
  2 ogres
  6 centaurs
  A phantom (D:5)
  5 bullfrogs
  4 kobold brigands
  7 gnoll sergeants
  4 scorpions
  A water moccasin skeleton (D:5)
  14 killer bees
  2 electric eels
  3 howler monkeys
  5 centaur zombies
  A gnoll shaman (D:7)
  3 orc priests
  3 hounds
  2 jellies
  2 bullfrog skeletons
  Jessica (D:3)
  4 iguanas
  A scorpion zombie (D:5)
  Ijyb (D:3)
  3 orc wizards
  A hound skeleton (D:4)
  12 gnolls
  7 adders
  A naga simulacrum (IceCv)
  2 river rats (D:5)
  A white imp (D:7)
  4 ufetubi
  An adder skeleton (D:4)
  3 worms
  4 dart slugs
  32 orcs
  7 ball pythons
  5 giant cockroaches
  4 goblins
  3 hobgoblins
  5 jackals (D:3)
  21 kobolds
  4 quokkas
  A bat (D:2)
  4 frilled lizards
  8 rats
517 creatures vanquished.

Vanquished Creatures (collateral kills)
  2 blink frogs (Lair:2)
2 creatures vanquished.

Vanquished Creatures (others)
  A basilisk (Lair:6)
  11 fulminant prisms
  41 fungi
  49 plants
  6 withered plants (Lair:5)
108 creatures vanquished.

Grand Total: 627 creatures vanquished

Notes
Turn   | Place    | Note
-------+----------+-------------------------------------------
     0 | D:5      | Reached skill level 9 in Stealth
     0 | D:5      | DrunkBamboolord the Gnoll Delver began the quest for the
                  | Orb.
     0 | D:5      | Reached XP level 1. HP: 23/23 MP: 1/1
    23 | D:5      | Reached XP level 2. HP: 23/29 MP: 2/2
    52 | D:5      | Noticed a black bear
   171 | D:4      | Found a staircase to the Ecumenical Temple.
   183 | D:4      | Reached XP level 3. HP: 35/35 MP: 3/3
   187 | Temple   | Entered the Ecumenical Temple
   259 | Temple   | Became a worshipper of Vehumet
   531 | D:3      | Reached skill level 1 in Invocations
   875 | D:3      | Reached skill level 1 in Short Blades
   875 | D:3      | Reached skill level 1 in Axes
   875 | D:3      | Reached skill level 1 in Maces & Flails
   875 | D:3      | Reached skill level 1 in Polearms
   875 | D:3      | Reached skill level 1 in Staves
   875 | D:3      | Reached skill level 1 in Slings
   875 | D:3      | Reached skill level 1 in Bows
   875 | D:3      | Reached skill level 1 in Crossbows
   875 | D:3      | Reached skill level 1 in Throwing
   875 | D:3      | Reached skill level 1 in Armour
   875 | D:3      | Reached skill level 1 in Shields
   875 | D:3      | Reached skill level 1 in Unarmed Combat
   875 | D:3      | Reached skill level 1 in Spellcasting
   875 | D:3      | Reached skill level 1 in Evocations
   987 | D:3      | Noticed Jessica
  1001 | D:3      | Killed Jessica
  1002 | D:3      | Reached XP level 4. HP: 21/41 MP: 5/5
  1011 | D:3      | Got Jessica's Catalogue of Beguiling
  1238 | D:3      | Noticed Ijyb
  1275 | D:3      | Killed Ijyb
  1276 | D:3      | Reached skill level 1 in Conjurations
  1276 | D:3      | Reached skill level 1 in Hexes
  1276 | D:3      | Reached skill level 1 in Summonings
  1276 | D:3      | Reached skill level 1 in Necromancy
  1276 | D:3      | Reached skill level 1 in Translocations
  1276 | D:3      | Reached skill level 1 in Transmutations
  1276 | D:3      | Reached skill level 1 in Fire Magic
  1276 | D:3      | Reached skill level 1 in Ice Magic
  1276 | D:3      | Reached skill level 1 in Air Magic
  1276 | D:3      | Reached skill level 1 in Earth Magic
  1276 | D:3      | Reached skill level 1 in Poison Magic
  1327 | D:1      | Reached XP level 5. HP: 12/47 MP: 5/7
  1331 | D:1      | Reached * piety under Vehumet
  1331 | D:1      | Offered knowledge of Freeze by Vehumet.
  1562 | D:1      | Learned a level 1 spell: Freeze
  1822 | D:5      | Noticed an ice beast
  1874 | D:5      | Noticed a phantom
  1901 | D:5      | Killed a phantom
  1996 | D:4      | Reached XP level 6. HP: 21/53 MP: 8/8
  2371 | D:5      | Reached skill level 5 in Long Blades
  2371 | D:5      | Reached skill level 5 in Dodging
  2372 | D:5      | Identified the +8 trident "Laystr Magarch" {pain, rF+}
  2728 | D:5      | Killed an ice beast
  2833 | D:5      | Reached XP level 7. HP: 59/59 MP: 10/10
  2983 | D:5      | Reached skill level 10 in Stealth
  2984 | D:5      | Reached ** piety under Vehumet
  2984 | D:5      | Offered knowledge of Searing Ray by Vehumet.
  3552 | D:4      | Reached XP level 8. HP: 62/67 MP: 12/12
  3968 | D:4      | Identified a scroll of acquirement
  3969 | D:4      | Acquired the ring "Enos" {rPois rF+ rC+ rN+ Str+6}
  5110 | D:1      | Found a faded altar of an unknown god.
  5125 | D:1      | Offered knowledge of Stone Arrow by Vehumet.
  5542 | D:1      | Learned a level 2 spell: Call Imp
  5864 | D:6      | Reached *** piety under Vehumet
  6539 | D:6      | Offered knowledge of Olgreb's Toxic Radiance by Vehumet.
  6928 | D:7      | Reached XP level 9. HP: 72/72 MP: 14/14
  7264 | D:7      | Found a broken altar of Ashenzari.
  7964 | D:7      | Noticed a gargoyle
  7965 | D:7      | Noticed a two-headed ogre
  8236 | D:8      | Noticed a kobold demonologist
  8246 | D:8      | Killed a kobold demonologist
  8313 | D:8      | Found Bupaovumurr's Magic Scroll Emporium.
  8316 | D:8      | Found Dakkocab's Weapon Emporium.
  8318 | D:8      | Found Tonun's Weapon Emporium.
  8322 | D:8      | Found Erecel's Antique Armour Emporium.
  8357 | D:8      | Reached skill level 5 in Invocations
  8361 | D:8      | Reached **** piety under Vehumet
  8546 | D:8      | Bought a cloak for 81 gold pieces
  8546 | D:8      | Bought a shiny buckler for 135 gold pieces
  9017 | D:9      | Found a staircase to the Lair.
  9018 | D:9      | Noticed an elephant
  9058 | D:8      | Reached XP level 10. HP: 43/80 MP: 17/17
  9228 | D:8      | Killed an elephant
  9229 | D:8      | Reached skill level 5 in Short Blades
  9229 | D:8      | Reached skill level 5 in Axes
  9229 | D:8      | Reached skill level 5 in Maces & Flails
  9229 | D:8      | Reached skill level 5 in Polearms
  9229 | D:8      | Reached skill level 5 in Staves
  9229 | D:8      | Reached skill level 5 in Slings
  9229 | D:8      | Reached skill level 5 in Bows
  9229 | D:8      | Reached skill level 5 in Crossbows
  9229 | D:8      | Reached skill level 5 in Throwing
  9229 | D:8      | Reached skill level 5 in Armour
  9229 | D:8      | Reached skill level 5 in Shields
  9229 | D:8      | Reached skill level 5 in Unarmed Combat
  9229 | D:8      | Reached skill level 5 in Spellcasting
  9229 | D:8      | Reached skill level 5 in Evocations
  9473 | D:9      | Learned a level 4 spell: Olgreb's Toxic Radiance
  9477 | D:9      | Learned a level 3 spell: Mephitic Cloud
  9514 | D:9      | Offered knowledge of Flame Wave by Vehumet.
  9673 | D:9      | Noticed a two-headed ogre
  9684 | D:9      | Killed a two-headed ogre
  9685 | D:9      | Reached skill level 11 in Stealth
  9752 | D:9      | Noticed a four-headed hydra
  9763 | D:9      | Killed a four-headed hydra
 10587 | D:9      | Learned a level 4 spell: Flame Wave
 10591 | D:9      | Learned a level 3 spell: Frozen Ramparts
 10595 | D:9      | Learned a level 3 spell: Ozocubu's Armour
 10615 | D:9      | Found a blossoming altar of Fedhas.
 11028 | D:10     | Entered Level 10 of the Dungeon
 11036 | D:10     | Found a snail-covered altar of Cheibriados.
 11084 | D:10     | Found a staircase to the Orcish Mines.
 11099 | D:10     | Reached XP level 11. HP: 79/87 MP: 19/19
 11156 | D:10     | Found a transporter.
 11173 | D:10     | Noticed a worldbinder
 11178 | D:10     | Found a one-way gate to the infinite horrors of the Abyss.
 11230 | D:10     | Found a transporter.
 11280 | D:10     | Reached skill level 5 in Conjurations
 11280 | D:10     | Reached skill level 5 in Hexes
 11280 | D:10     | Reached skill level 5 in Summonings
 11280 | D:10     | Reached skill level 5 in Necromancy
 11280 | D:10     | Reached skill level 5 in Translocations
 11280 | D:10     | Reached skill level 5 in Transmutations
 11280 | D:10     | Reached skill level 5 in Fire Magic
 11280 | D:10     | Reached skill level 5 in Ice Magic
 11280 | D:10     | Reached skill level 5 in Air Magic
 11280 | D:10     | Reached skill level 5 in Earth Magic
 11280 | D:10     | Reached skill level 5 in Poison Magic
 11471 | D:10     | Noticed a cyclops
 11475 | D:10     | Found a large runed translucent door.
 11476 | D:10     | Found a large runed translucent door.
 11646 | D:10     | Noticed a centaur warrior
 11653 | D:10     | Noticed a centaur warrior
 11656 | D:10     | Noticed a centaur warrior
 11732 | D:10     | Found a bloodstained altar of Trog.
 12046 | D:10     | Noticed a two-headed ogre
 12056 | D:10     | Killed a two-headed ogre
 12436 | D:10     | Noticed Peloso's ghost (novice MiFi)
 12526 | Lair:1   | Entered Level 1 of the Lair of Beasts
 13710 | Lair:2   | Reached XP level 12. HP: 40/96 MP: 6/22
 14153 | Lair:2   | Noticed Maggie
 14183 | Lair:2   | Killed Maggie
 14627 | Lair:2   | Reached ***** piety under Vehumet
 14633 | Lair:2   | Offered knowledge of Irradiate by Vehumet.
 14634 | Lair:2   | Reached skill level 12 in Stealth
 15107 | Lair:2   | Reached skill level 10 in Fighting
 15757 | Lair:3   | Learned a level 4 spell: Fulminant Prism
 15856 | Lair:3   | Found a staircase to the Shoals.
 16187 | Lair:3   | Upgraded the game from 0.28-a0-1032-ga8db75c868 to
                  | 0.28-a0-1074-g3cb2360906
 16515 | Lair:4   | Found a hole to the Spider Nest.
 16566 | Lair:4   | Reached XP level 13. HP: 72/103 MP: 8/24
 16706 | Lair:4   | Found a runed translucent door.
 16714 | Lair:4   | Noticed Weskac's ghost (journeyman DsVM)
 17444 | Lair:4   | Killed Weskac's ghost
 17945 | Lair:5   | Found a runed translucent gate.
 17946 | Lair:5   | Found a runed translucent gate.
 17952 | Lair:5   | Found a runed translucent gate.
 17953 | Lair:5   | Noticed Isinocoe's ghost (journeyman VSEn)
 17954 | Lair:5   | Noticed Elesme's ghost (journeyman DDGl)
 18777 | Lair:5   | Found a staircase to the Slime Pits.
 19129 | Lair:5   | Upgraded the game from 0.28-a0-1074-g3cb2360906 to
                  | 0.28-a0-1114-g8eb0198dcf
 19144 | Lair:6   | Entered Level 6 of the Lair of Beasts
 20827 | Lair:6   | Reached skill level 10 in Long Blades
 20827 | Lair:6   | Reached skill level 10 in Dodging
 20829 | Lair:6   | Reached XP level 14. HP: 109/113 MP: 17/26
 21147 | Lair:6   | Offered knowledge of Freezing Cloud by Vehumet.
 21183 | Lair:6   | Reached skill level 13 in Stealth
 21535 | Lair:6   | Gained mutation: You have extremely sharp teeth. [a shining
                  | eye]
 21835 | Lair:6   | Reached skill level 10 in Invocations
 21862 | Lair:6   | Found a corrupted altar of Lugonu.
 23978 | D:8      | Bought a runed robe for 66 gold pieces
 23978 | D:8      | Bought a dyed leather armour for 90 gold pieces
 24077 | D:10     | Found an iron altar of Okawaru.
 24338 | Orc:1    | Entered Level 1 of the Orcish Mines
 25182 | D:11     | Identified the +5 scythe "Daogurgh" {freeze, rElec rCorr
                  | Int+4}
 25215 | D:11     | Identified the +5 trident of the Past {protect, Will+}
 26147 | D:12     | Found a runed translucent gate.
 26147 | D:12     | Found a runed translucent gate.
 26147 | D:12     | Found a runed translucent gate.
 26582 | D:12     | Noticed Decritt's ghost (journeyman DsAK)
 26823 | D:12     | Gained mutation: You tend to lose your temper in combat. [a
                  | neqoxec]
 27154 | D:12     | Offered knowledge of Eringya's Noxious Bog by Vehumet.
 27421 | D:12     | Reached XP level 15. HP: 98/120 MP: 28/28
 27533 | D:12     | Got Luishrettu's Compendium of Supportive Transmigration
 27548 | D:12     | Learned a level 4 spell: Summon Ice Beast
 27555 | D:12     | Learned a level 4 spell: Iskenderun's Mystic Blast
 28296 | D:12     | Found a bloodstained altar of Trog.
 28515 | D:13     | Found a frozen archway.
 28545 | IceCv    | Entered an ice cave
 28575 | IceCv    | Reached skill level 10 in Short Blades
 28575 | IceCv    | Reached skill level 10 in Axes
 28575 | IceCv    | Reached skill level 10 in Maces & Flails
 28575 | IceCv    | Reached skill level 10 in Polearms
 28575 | IceCv    | Reached skill level 10 in Staves
 28575 | IceCv    | Reached skill level 10 in Slings
 28575 | IceCv    | Reached skill level 10 in Bows
 28575 | IceCv    | Reached skill level 10 in Crossbows
 28575 | IceCv    | Reached skill level 10 in Throwing
 28575 | IceCv    | Reached skill level 10 in Armour
 28575 | IceCv    | Reached skill level 10 in Shields
 28575 | IceCv    | Reached skill level 10 in Unarmed Combat
 28575 | IceCv    | Reached skill level 10 in Spellcasting
 28575 | IceCv    | Reached skill level 10 in Evocations
 29038 | IceCv    | Lost mutation: You tend to lose your temper in combat.
                  | [potion of mutation]
 29038 | IceCv    | Gained mutation: You are strong-willed. (Will+) [potion of
                  | mutation]
 29038 | IceCv    | Gained mutation: Your system is resistant to poisons.
                  | (rPois) [potion of mutation]
 29038 | IceCv    | Gained mutation: You sometimes lose the ability to read
                  | scrolls when taking damage. [potion of mutation]
 30106 | D:13     | Slain by a two-headed ogre

Illustrated notes

Levels and vault maps discovered:
D:1:      sevenhm_arrival_forest_fort_small_4, layout_loops_ring,
          nicolae_ecumenical_lake_church, minmay_misc_feat_room
D:2:      layout_basic
D:3:      layout_loops_ring, kennysheep_jessica_study, uniq_ijyb
D:4:      layout_loops_ring, minmay_temple_entry_statues_fountains
D:5:      layout_rooms, portal_sewer_entry_e
D:6:      layout_basic, minmay_strange_pillars
D:7:      layout_layer_cave, kennysheep_mini_moat, minmay_misc_feat_nine_boxes,
          serial_bayou_pond_a, lightli_corner_chamber
D:8:      layout_loops_ring, minmay_shop_grid_forest
D:9:      layout_layer_cave, fedhas_altar_1, david_lair_generic, serial_glass,
          glass_columns_a, glass_columns_a, hangedman_decor_riveting
D:10:     okawaru_arena_lexackson, layout_irregular_city,
          mainiacjoe_overflow_catwalk, kennysheep_slug_shrine, orc_0_dummy,
          gammafunk_ghost_abyssal_escape, kennysheep_opposing_triangles
D:11:     layout_gridville
D:12:     lemuel_castle_with_subvaults [lemuel_castle_interior_carwin_3],
          layout_irregular_city, gammafunk_ghost_icy, bloody_trog
D:13:     layout_long_grid, portal_ice_cave_demonic_guard
Temple:   regret_index_temple_mists
Lair:1:   layout_cave_pods, serial_bayou_shore_b, grunt_megastairs_4,
          serial_bayou_shore_a
Lair:2:   layout_cave_pods, serial_bayou_shore_b, uniq_maggie
Lair:3:   layout_chaotic_city, elwin_shoals_entry_rooms
Lair:4:   layout_hall_layers, spider_nest_entry_a, ebering_ghost_inner_flame,
          lemuel_fruit_tree
Lair:5:   layout_hall_layers, slime_dummy, gammafunk_ghost_cemetery
Lair:6:   hellmonk_lair_end_abyssal_woods, layout_cellular_growth
Orc:1:    layout_caves

Skill      XL: |  1  2  3  4  5  6  7  8  9 10 11 12 13 14 15 |
---------------+----------------------------------------------+-----
Stealth        | 10 11 12 13 | 13.7
Invocations    | 1 2 3 4 5 6 7 8 9 10 11 | 11.0
Short Blades   | 1 2 3 4 5 6 7 8 9 10 | 10.1
Axes           | 1 2 3 4 5 6 7 8 9 10 | 10.1
Maces & Flails | 1 2 3 4 5 6 7 8 9 10 | 10.1
Polearms       | 1 2 3 4 5 6 7 8 9 10 | 10.1
Staves         | 1 2 3 4 5 6 7 8 9 10 | 10.1
Slings         | 1 2 3 4 5 6 7 8 9 10 | 10.1
Bows           | 1 2 3 4 5 6 7 8 9 10 | 10.1
Crossbows      | 1 2 3 4 5 6 7 8 9 10 | 10.1
Throwing       | 1 2 3 4 5 6 7 8 9 10 | 10.1
Armour         | 1 2 3 4 5 6 7 8 9 10 | 10.1
Shields        | 1 2 3 4 5 6 7 8 9 10 | 10.1
Unarmed Combat | 1 2 3 4 5 6 7 8 9 10 | 10.1
Spellcasting   | 1 2 3 4 5 6 7 8 9 10 | 10.1
Evocations     | 1 2 3 4 5 6 7 8 9 10 | 10.1
Conjurations   | 1 2 3 4 5 6 7 8 |  8.5
Hexes          | 1 2 3 4 5 6 7 8 |  8.5
Summonings     | 1 2 3 4 5 6 7 8 |  8.5
Necromancy     | 1 2 3 4 5 6 7 8 |  8.5
Translocations | 1 2 3 4 5 6 7 8 |  8.5
Transmutations | 1 2 3 4 5 6 7 8 |  8.5
Fire Magic     | 1 2 3 4 5 6 7 8 |  8.5
Ice Magic      | 1 2 3 4 5 6 7 8 |  8.5
Air Magic      | 1 2 3 4 5 6 7 8 |  8.5
Earth Magic    | 1 2 3 4 5 6 7 8 |  8.5
Poison Magic   | 1 2 3 4 5 6 7 8 |  8.5
Long Blades    | 5 6 7 8 9 10 11 | 11.1
Dodging        | 5 6 7 8 9 10 11 | 11.1
Fighting       | 7 8 9 10 11 12 | 12.0

Action                   |  1- 3 |  4- 6 |  7- 9 | 10-12 | 13-15 || total
-------------------------+-------+-------+-------+-------+-------++-------
Melee: Falchion          |    56 |   146 |       |       |       ||   202
       Bite              |     4 |    12 |    22 |    44 |   115 ||   197
       Trident           |       |    10 |   262 |   409 |   919 ||  1600
       Punch             |       |       |     1 |       |       ||     1
 Cast: Call Imp          |       |       |     3 |     8 |    22 ||    33
       Frozen Ramparts   |       |       |       |    13 |    34 ||    47
       Olgreb's Toxic Ra |       |       |       |    10 |    27 ||    37
       Ozocubu's Armour  |       |       |       |     9 |    24 ||    33
       Mephitic Cloud    |       |       |       |     3 |     3 ||     6
       Flame Wave        |       |       |       |     5 |    33 ||    38
       Fulminant Prism   |       |       |       |     1 |    10 ||    11
       Freeze            |       |       |       |     1 |     1 ||     2
       Iskenderun's Myst |       |       |       |       |     5 ||     5
       Summon Ice Beast  |       |       |       |       |     1 ||     1
Evoke: Wand              |     2 |       |       |       |     1 ||     3
  Use: Potion            |       |     2 |     2 |     1 |     4 ||     9
       Scroll            |       |    11 |     8 |     5 |    18 ||    42
 Stab: Distracted        |     1 |     1 |     2 |     4 |     2 ||    10
       Sleeping          |     2 |     2 |    21 |    10 |    18 ||    53
       Confused          |       |       |       |       |     2 ||     2
Armor: Leather armour    |    14 |    50 |    86 |   180 |   298 ||   628
       Skin              |       |    14 |       |       |       ||    14
Dodge: Dodged            |    37 |   122 |   130 |   258 |   511 ||  1058
Block: Buckler           |       |       |    11 |   203 |   463 ||   677
       Reflection        |       |       |       |       |     7 ||     7

Table legend: (Time is in decaauts)
 A = Elapsed time spent in this place.
 B = Non-inter-level travel time spent in this place.
 C = Inter-level travel time spent in this place.
 D = Time resting spent in this place.
 E = Time spent auto-exploring this place.
 F = Levels seen in this place.
 G = Mean time per level.
                   A        B        C        D        E       F      G
               +--------+--------+--------+--------+--------+-----+--------+
         Total |  30168 |  28030 |   2138 |   7150 |  14456 |  22 | 1371.3 |
       Dungeon |  17498 |  15940 |   1558 |   3381 |   8784 |  13 | 1346.0 |
        Temple |    111 |    111 |      0 |      0 |     45 |   1 |  111.0 |
          Lair |  11079 |  10500 |    579 |   3052 |   5410 |   6 | 1846.5 |
  Orcish Mines |     96 |     96 |      0 |      0 |     63 |   1 |   96.0 |
      Ice Cave |   1383 |   1383 |      0 |    717 |    153 |   1 | 1383.0 |
               +--------+--------+--------+--------+--------+-----+--------+

Top non-repeatable levels by time:
  Lair:6: 3603 daAuts
    D:10: 2122 daAuts
  Lair:5: 2005 daAuts
  Lair:2: 1976 daAuts
     D:9: 1891 daAuts
    D:12: 1860 daAuts
     D:5: 1714 daAuts
  Lair:4: 1591 daAuts
    D:11: 1574 daAuts
     D:7: 1420 daAuts
     D:3: 1417 daAuts
   IceCv: 1383 daAuts
     D:4: 1380 daAuts
     D:8: 1378 daAuts
  Lair:1: 1032 daAuts
